 Dungeon Crawl Stone Soup version 0.30-a0-586-g23e55c9e0a (webtiles) character file.

Game seed: 16812150117533501242

112 bmack86 the Covered (level 4, -3/40 HPs)
             Began as a Minotaur Fighter on Jan 3, 2023.
             Splashed by a jelly's acid (5 damage)
             ... on level 4 of the Dungeon.
             The game lasted 00:07:10 (2130 turns).

bmack86 the Covered (Minotaur Fighter)              Turns: 2130, Time: 00:07:11

Health: -3/40      AC:  1    Str: 22    XL:     4   Next: 63%
Magic:  3/3        EV:  7    Int:  5    God:
Gold:   154        SH:  4    Dex: 10    Spells: 3/3 levels left

rFire   + . .      SeeInvis .    a - +0 war axe
rCold   x . .      Faith    .    c - +0 buckler
rNeg    . . .      Spirit   .    h - +0 chain mail
rPois   .          Reflect  .    (helmet restricted)
rElec   .          Harm     .    (no cloak)
rCorr   .          Rampage  .    (no gloves)
Will    .....                    (no boots) Stlth
                                 i - amulet of the acrobat
HPRegen 0.26/turn                n - ring of fire
MPRegen 0.08/turn                (no ring)

@: corroded
A: horns 2, retaliatory headbutt
a: no special abilities


You were on level 4 of the Dungeon.
You visited 1 branch of the dungeon, and saw 4 of its levels.

You collected 154 gold pieces.

Inventory:

Hand Weapons
 a - a +0 war axe (weapon)
Missiles
 e - a boomerang (quivered)
 l - 7 poisoned darts
Armour
 b - a +0 scale mail
 c - a +0 buckler (worn)
 h - a +0 chain mail (worn)
Jewellery
 i - an amulet of the acrobat (around neck)
 n - a ring of fire (left hand)
Scrolls
 f - a scroll of identify
 k - a scroll of teleportation
 m - a scroll of vulnerability
 o - 2 scrolls of enchant weapon
Potions
 d - a potion of might
 g - a potion of ambrosia
 j - a potion of curing
 p - a potion of heal wounds


   Skills:
 + Level 4.2 Fighting
 * Level 3.9 Axes
 + Level 1.3 Throwing
 + Level 4.3 Armour
 + Level 4.2 Shields


You had 3 spell levels left.
You didn't know any spells.
Your spell library contained the following spells:

 Spells                   Type           Power      Damage    Failure   Level
 Shock                    Conj/Air       0%         1d3       99%         1
 Swiftness                Air            0%         N/A       100%        3
 Airstrike                Air            0%         2d(0-16)  100%        4


Dungeon Overview and Level Annotations

Branches:
Dungeon (4/15)
 Temple: D:4-7

Altars:
Makhleb
Xom


Innate Abilities, Weirdness & Mutations

You have a pair of horns on your head.
You reflexively headbutt those who attack you in melee.


Message History

The hobgoblin shouts!
A goblin comes into view. It is wielding a +0 club.
The goblin unwields a +0 club.
The goblin wields a +0 sling.
The goblin shoots a sling bullet.
The sling bullet completely misses you. The kobold barely misses you.
A gnoll comes into view. It is wielding a +0 whip.
The gnoll shouts!
You block the jelly's attack. The kobold barely misses you.
You furiously retaliate!
You headbutt the kobold!
You kill the kobold!
You block the kobold's attack.
A gnoll comes into view. It is wielding a +0 spear.
The jelly misses you.
You hit the jelly but do no damage. The acid corrodes you!
Your hands burn!
You hit the kobold.
You kill the kobold!
The goblin shoots a sling bullet.
You block the sling bullet. The jelly hits you.
You are splashed with acid!
The goblin shoots a sling bullet.
The sling bullet hits you but does no damage.
You hit the jelly but do no damage.
Your hands burn!
You barely miss the hobgoblin.
The hobgoblin hits you but does no damage.
The jelly hits you but does no damage.
The goblin shoots a sling bullet.
The sling bullet barely misses you.
You slash the jelly!
Your hands burn!
You headbutt the jelly.
The jelly is almost dead.
You slash the hobgoblin!
You kill the hobgoblin!
The jelly hits you. The acid corrodes you!
You are splashed with acid!
The goblin shoots a sling bullet.
The sling bullet hits you.
* * * LOW HITPOINT WARNING * * *
The jelly hits you.
* * * LOW HITPOINT WARNING * * *
You are splashed with acid.
* * * LOW HITPOINT WARNING * * *
The goblin shoots a sling bullet.
The sling bullet hits you.
* * * LOW HITPOINT WARNING * * *
You hit the jelly but do no damage.
Your hands burn!
You die...

..#.# ..####.#.#
.........#
.........#######
................
....g...........
#...............
..g...gJ...[....
#.....)@........
##.#####).......
#.#.###.# #####.#.#
# ...#.#.#
#######.#.# #
..........#
######.######.
###########........


You could see a jelly, 2 gnolls and a goblin.

Vanquished Creatures
  A crimson imp (D:3)
  2 adders (D:2)
  A worm (D:2)
  A dart slug (D:1)
  An orc (D:3)
  An endoplasm (D:3)
  3 giant cockroaches
  3 goblins
  6 hobgoblins
  2 quokkas
  11 ball pythons
  4 bats
  3 frilled lizards
  9 kobolds
  7 rats
55 creatures vanquished.

Notes
Turn   | Place    | Note
-------+----------+-------------------------------------------
     0 | D:1      | bmack86 the Minotaur Fighter began the quest for the Orb.
     0 | D:1      | Reached XP level 1. HP: 19/19 MP: 0/0
   209 | D:1      | Reached XP level 2. HP: 27/27 MP: 1/1
   721 | D:2      | Reached XP level 3. HP: 33/33 MP: 2/2
   827 | D:2      | Found a faded altar of an unknown god.
  1031 | D:2      | Reached skill level 1 in Throwing
  1436 | D:3      | Identified the +7 dagger of Teenueron {drain, Drain +Blink
                  | Fly Str+5}
  1496 | D:3      | Reached XP level 4. HP: 40/40 MP: 3/3
  2069 | D:3      | Found a burning altar of Makhleb.
  2070 | D:3      | Found a shimmering altar of Xom.
  2129 | D:4      | HP: 2/40 [goblin/sling bullet (2)]
  2130 | D:4      | Splashed by a jelly's acid

Illustrated notes

Levels and vault maps discovered:
D:1:      dpeg_arrival_morbid_curiosity, layout_rooms, kennysheep_another_room
D:2:      layout_basic, chequers_ecumenical_altar_simple,
          nicolae_underground_beach
D:3:      layout_basic, grunt_temple_overflow_champion_of_chaos,
          nicolae_eternal_life, minmay_crystal_water, minmay_crystal_room
D:4:      layout_basic, gammafunk_ghost_abyssal_escape

Skill      XL: |  1  2  3 |
---------------+----------+-----
Axes           | 3 |  3.9
Armour         | 4 |  4.3
Shields        | 4 |  4.2
Fighting       | 4 |  4.2
Throwing       | 1 |  1.3

Action                   |  1- 3 |  4- 6 || total
-------------------------+-------+-------++-------
Melee: War axe           |    93 |    20 ||   113
       Headbutt          |     9 |     4 ||    13
Throw: Boomerang         |    16 |       ||    16
  Use: Scroll            |     6 |     1 ||     7
Armor: Scale mail        |    26 |       ||    26
       Chain mail        |    29 |     7 ||    36
Dodge: Dodged            |    67 |    11 ||    78
Block: Buckler           |    26 |     7 ||    33

Table legend: (Time is in decaauts)
 A = Elapsed time spent in this place.
 B = Non-inter-level travel time spent in this place.
 C = Inter-level travel time spent in this place.
 D = Time resting spent in this place.
 E = Time spent auto-exploring this place.
 F = Levels seen in this place.
 G = Mean time per level.
                   A        B        C        D        E       F      G
               +--------+--------+--------+--------+--------+-----+--------+
         Total |   2178 |   2105 |     73 |      0 |   1246 |   4 |  544.5 |
       Dungeon |   2178 |   2105 |     73 |      0 |   1246 |   4 |  544.5 |
               +--------+--------+--------+--------+--------+-----+--------+

Top non-repeatable levels by time:
     D:3: 849 daAuts
     D:1: 661 daAuts
     D:2: 640 daAuts
     D:4: 27 daAuts
